 Dungeon Crawl Stone Soup version 0.21.1-1-g345015f (webtiles) character file.

6196 poirepourri the Basher (level 10, -5/59 HPs)
             Began as a Gargoyle Fighter on May 12, 2018.
             Was a Priest of Cheibriados.
             Slain by a two-headed ogre
             ... wielding a +0 dire flail
              (16 damage)
             ... on level 9 of the Dungeon.
             The game lasted 00:16:10 (9479 turns).

poirepourri the Basher (Gargoyle Fighter)           Turns: 9479, Time: 00:16:10

Health: -5/59      AC: 21    Str: 26    XL:     10   Next: 91%
Magic:  10/10      EV: 13    Int: 15    God:    Cheibriados [***...]
Gold:   76         SH: 17    Dex: 18    Spells: 9/9 levels left

rFire    . . .     SeeInvis +   a - +4 flail
rCold    + . .     Gourm    .   c - +2 shield
rNeg     + + .     Faith    .   v - +2 ring mail {rC+}
rPois    ∞         Spirit   .   l - +1 helmet
rElec    +         Reflect  +   C - +1 cloak
rCorr    +         Harm     .   (no gloves)
MR       .....                  g - +1 pair of boots
Stlth    ++........             D - +3 amulet of reflection
HPRegen  0.19/turn              u - ring of resist corrosion
MPRegen  0.12/turn              y - ring of Muavip {*Corrode rPois rN+ SInv Stlth+}

@: very slow
A: negative energy resistance 1, electricity resistance, unbreathing,
petrification resistance, rot immunity, AC +7
a: Bend Time, Temporal Distortion, Renounce Religion


You were on level 9 of the Dungeon.
You worshipped Cheibriados.
Cheibriados was most pleased with you.
You were full.

You visited 2 branches of the dungeon, and saw 10 of its levels.
You also visited: Ossuary.

You collected 467 gold pieces.
You spent 391 gold pieces at shops.

Inventory:

Hand Weapons
 a - a +4 flail (weapon)
Missiles
 h - 9 tomahawks (quivered)
 j - 6 javelins
 o - 61 bolts
 z - 6 exploding tomahawks
Armour
 c - a +2 shield (worn)
 g - a +1 pair of boots (worn)
 l - a +1 helmet (worn)
 v - a +2 ring mail of cold resistance (worn)
 C - a +1 cloak (worn)
Jewellery
 u - a ring of resist corrosion (left hand)
 w - a +3 amulet of reflection
 y - the ring of Muavip (right hand) {*Corrode rPois rN+ SInv Stlth+}
   (You found it on level 6 of the Dungeon)

   [ring of see invisible]

   It protects you from poison.
   It protects you from negative energy.
   It lets you see invisible.
   It may corrode you when you take damage.
   It makes you more stealthy.
 A - an uncursed ring of positive energy
 D - a +3 amulet of reflection (around neck)
 F - an uncursed ring of teleportation
 G - an uncursed amulet of rage {unknown}
 H - an uncursed amulet of faith {unknown}
Wands
 m - a wand of iceblast (11)
 B - a wand of scattershot (2)
 E - a wand of acid (3)
 I - a wand of polymorph (12)
Scrolls
 d - 3 scrolls of blinking
 e - 3 scrolls of remove curse
 t - 5 scrolls of teleportation
Potions
 b - a potion of lignification {unknown}
 i - 3 potions of cancellation
 k - 2 potions of resistance
 n - 4 potions of agility
 p - 5 potions of curing
 q - 5 potions of brilliance
 r - a potion of flight
 s - 3 potions of heal wounds
 x - 2 potions of invisibility
Comestibles
 f - 6 rations


   Skills:
 - Level 5.0 Fighting
 + Level 12.6 Maces & Flails
 - Level 3.2 Armour
 - Level 5.0 Dodging
 - Level 8.0 Shields


You had 9 spell levels left.
You didn't know any spells.

Dungeon Overview and Level Annotations

Branches:
Dungeon (9/15)             Temple (1/1) D:6
   Lair: D:8-11         Orc: D:9-12

Altars:
Ashenzari
Cheibriados
Dithmenos
Elyvilon
Fedhas
Gozag
Hepliaklqana
Kikubaaqudgha
Makhleb
Okawaru
Qazlal
Sif Muna
Trog
Vehumet
Wu Jian
Xom
The Shining One

Shops:
D:4 =   D:8 !!(


Innate Abilities, Weirdness & Mutations

You are resistant to torment.
Your stone body is resilient. (AC +7)
You are immune to poison.
You resist negative energy. (rN+)
You are resistant to electric shocks. (rElec)
You can survive without breathing.
You are immune to petrification.
You are immune to rotting.


Message History

The two-headed ogre is moderately wounded.
You sock the two-headed ogre!
The two-headed ogre is heavily wounded.
The two-headed ogre barely misses you.
The two-headed ogre hits you with a giant club!
You hit the two-headed ogre.
The two-headed ogre is severely wounded.
The two-headed ogre hits you with a dire flail!
You block the two-headed ogre's attack.
You hit the two-headed ogre but do no damage.
The two-headed ogre is severely wounded.
You barely miss the two-headed ogre.
The two-headed ogre is severely wounded.
You block the two-headed ogre's attack.
The two-headed ogre hits you with a giant club!
* * * LOW HITPOINT WARNING * * *
You barely miss the two-headed ogre.
The two-headed ogre is severely wounded.
The two-headed ogre hits you with a dire flail!
You die...

#### #.. #.#
######.#####
#######.....<#...#
...............#.#
#######.########@#
#..# ####O# #.##
#....# #.# #..#.#
#### #.# #8..8##
...###.# #.....
.......# ##..###
##.##..# ....
#.##..# ##..#


You could see a two-headed ogre.

Vanquished Creatures
  A two-headed ogre (D:8)
  Pikel (D:5)
  Sigmund (D:5)
  A wyvern (D:9)
  A hungry ghost (D:8)
  Menkaure (D:7)
  Edmund (D:6)
  A water moccasin (D:8)
  2 ice beasts
  An orc warrior (D:9)
  3 slaves (D:5)
  2 sky beasts (D:8)
  A black bear (D:9)
  7 ogres
  3 centaurs
  The ghost of Paps the Vandal, an amateur OpHu (D:3)
  2 bullfrogs (D:7)
  Blork the orc (D:6)
  8 scorpions
  5 killer bees (D:8)
  3 wights (D:6)
  3 crimson imps
  4 howler monkeys
  2 centaur zombies (Ossuary)
  2 human zombies (Ossuary)
  A quasit (D:7)
  3 hounds
  4 jellies
  9 orc wizards
  Crazy Yiuf (D:6)
  A bullfrog skeleton (D:4)
  8 orc priests
  A centaur skeleton (D:7)
  3 iguanas
  11 worker ants
  2 big kobold zombies (Ossuary)
  A hound skeleton (D:4)
  3 mummies (Ossuary)
  9 adders
  14 gnolls
  A scorpion zombie (Ossuary)
  2 shadow imps (D:6)
  An ooze (D:1)
  6 adder skeletons
  An adder zombie (D:6)
  A worm (D:3)
  A dart slug (D:3)
  3 leopard geckos
  45 orcs
  9 giant cockroaches
  5 goblins
  8 hobgoblins
  9 jackals
  5 quokkas
  7 bats
  8 frilled lizards
  4 goblin zombies (Ossuary)
  2 hobgoblin zombies (Ossuary)
  A jackal zombie (D:6)
  8 kobolds
  2 leopard gecko skeletons
  A leopard gecko zombie (D:6)
  An orc zombie (Ossuary)
  2 quokka skeletons
  6 rats
268 creatures vanquished.

Vanquished Creatures (others)
  A kobold zombie (Ossuary)
  An orc zombie (Ossuary)
2 creatures vanquished.

Grand Total: 270 creatures vanquished

Notes
Turn   | Place    | Note
-------+----------+-------------------------------------------
     0 | D:1      | poirepourri the Gargoyle Fighter began the quest for the Orb.
     0 | D:1      | Reached XP level 1. HP: 14/14 MP: 1/1
   122 | D:1      | Reached XP level 2. HP: 19/19 MP: 2/2
   124 | D:1      | Reached skill level 3 in Maces & Flails
   510 | D:2      | Reached XP level 3. HP: 18/23 MP: 3/3
   645 | D:2      | Reached skill level 4 in Maces & Flails
   714 | D:2      | Reached XP level 4. HP: 16/28 MP: 4/4
  1344 | D:3      | Noticed Paps's ghost (amateur OpHu)
  1354 | D:3      | Killed Paps's ghost
  1354 | D:3      | Reached skill level 5 in Maces & Flails
  1354 | D:3      | Reached XP level 5. HP: 32/32 MP: 5/5
  1564 | D:3      | HP: 1/49 [orc priest/divine providence (8)]
  1565 | D:3      | Reached XP level 6. HP: 1/39 MP: 6/6
  2139 | D:3      | Reached skill level 5 in Fighting
  2677 | D:4      | Found an ancient bone altar of Kikubaaqudgha.
  2690 | D:4      | Found a sand-covered staircase.
  2695 | Ossuary  | Entered an ossuary
  2740 | Ossuary  | Reached skill level 6 in Maces & Flails
  2783 | Ossuary  | Reached XP level 7. HP: 39/44 MP: 7/7
  3062 | Ossuary  | Reached skill level 7 in Maces & Flails
  3522 | Ossuary  | Reached skill level 8 in Maces & Flails
  4008 | D:4      | Reached XP level 8. HP: 45/49 MP: 8/8
  4422 | D:4      | Found Isolir's Jewellery Boutique.
  4427 | D:4      | Bought an uncursed ring of resist corrosion for 220 gold pieces
  4656 | D:4      | Reached skill level 9 in Maces & Flails
  4747 | D:5      | Entered Level 5 of the Dungeon
  4912 | D:5      | Reached skill level 1 in Dodging
  5011 | D:5      | Noticed Pikel
  5061 | D:5      | Killed Pikel
  5061 | D:5      | Reached XP level 9. HP: 34/54 MP: 9/9
  5098 | D:5      | Reached skill level 5 in Dodging
  5583 | D:5      | Noticed Sigmund
  5587 | D:5      | Killed Sigmund
  5599 | D:5      | Reached skill level 5 in Shields
  6089 | D:6      | Noticed Edmund
  6102 | D:6      | Killed Edmund
  6293 | D:6      | Got an ancient turquoise ring
  6365 | D:6      | Identified the ring of Muavip {*Corrode rPois rN+ SInv Stlth+} (You found it on level 6 of the Dungeon)
  6926 | D:6      | Noticed Blork the orc
  6933 | D:6      | Killed Blork the orc
  6973 | D:6      | Found a staircase to the Ecumenical Temple.
  7025 | D:6      | Found a runed door.
  7089 | Temple   | Entered the Ecumenical Temple
  7286 | Temple   | Became a worshipper of Cheibriados the Contemplative
  7429 | D:6      | Noticed Crazy Yiuf
  7436 | D:6      | Killed Crazy Yiuf
  7746 | D:7      | Reached XP level 10. HP: 59/59 MP: 10/10
  7767 | D:7      | Reached skill level 10 in Maces & Flails
  8092 | D:7      | Noticed Menkaure
  8101 | D:7      | Reached * piety under Cheibriados
  8103 | D:7      | Killed Menkaure
  8449 | D:8      | Reached skill level 11 in Maces & Flails
  8455 | D:8      | Reached ** piety under Cheibriados
  8654 | D:8      | Found Fodo's Distillery.
  8688 | D:8      | Bought a potion of curing for 39 gold pieces
  8688 | D:8      | Bought a potion of curing for 39 gold pieces
  8827 | D:8      | Noticed a two-headed ogre
  8838 | D:8      | Killed a two-headed ogre
  8838 | D:8      | Reached skill level 12 in Maces & Flails
  8923 | D:8      | Found Maixon's Weapon Emporium.
  8931 | D:8      | Bought 6 exploding tomahawks for 60 gold pieces
  8938 | D:8      | Found Miewost's Distillery.
  8951 | D:8      | Bought a potion of curing for 33 gold pieces
  9110 | D:9      | Reached *** piety under Cheibriados
  9461 | D:9      | Noticed a two-headed ogre
  9479 | D:9      | Slain by a two-headed ogre

Skill      XL: |  1  2  3  4  5  6  7  8  9 10 |
---------------+-------------------------------+-----
Maces & Flails | 3 4 5 6 8 9 12 | 12.6
Fighting       | 4 5 |  5.0
Dodging        | 4 5 |  5.0
Shields        | 8 |  8.0
Armour         | |  3.2

Action                   |  1- 3 |  4- 6 |  7- 9 | 10-12 || total
-------------------------+-------+-------+-------+-------++-------
Melee: Flail             |    92 |   196 |   548 |   254 ||  1090
Throw: Tomahawk          |       |       |     4 |       ||     4
Invok: Bend Time         |       |       |       |     1 ||     1
Evoke: Wand              |       |       |     7 |       ||     7
  Use: Scroll            |     3 |     9 |    14 |     3 ||    29
       Potion            |       |     3 |       |     2 ||     5
 Stab: Sleeping          |       |       |     1 |     3 ||     4
  Eat: Ration            |       |     3 |     4 |     3 ||    10
Armor: Scale mail        |    66 |   170 |    85 |       ||   321
       Ring mail         |       |       |   129 |    68 ||   197
Dodge: Dodged            |    29 |    91 |   163 |   105 ||   388
Block: Shield            |    74 |   195 |   302 |   207 ||   778
